Cogmind - Beta 13 @@@ ROGUE MODE // 2024.05.19 @ 17:54:45 Player: BatSpy Result: Destroyed by D-53 Grenadier with Mini Grenade Launcher Performance ------------- Evolutions (0) 0 Regions Visited (2) 400 Robots Destroyed (13) 65 Value Destroyed (181) 181 Prototype IDs (0) 0 Alien Tech Used (0) 0 Bonus (0) 0 TOTAL SCORE: 646 Bonus ------- None Cogmind --------- Core Integrity 0/250 Matter 168/300 Energy 47/100 System Corruption 1% Temperature Cool (0) Movement Hovering (66) Location -10/Mines Parts ------- > --- POWER (1) -------- (None) > --- PROPULSION (2) --- Hover Unit Combat Airjet > --- UTILITY (2) ------ Visual Processing Unit > --- WEAPON (2) ------- (None) > --- INVENTORY (5) ---- Light Ion Engine Flight Unit Medium Storage Unit Sensor Array Experimental Sensor Array Peak State ------------ > --- POWER ------------ Ion Engine > --- PROPULSION ------- Hover Unit Flight Unit > --- UTILITY ---------- Visual Processing Unit Improved Terrain Scanner > --- WEAPON ----------- Beam Cannon Assault Rifle > --- INVENTORY -------- Light Ion Engine Medium Storage Unit Sensor Array Experimental Sensor Array [Rating: 11] Favorites ----------- Power Ion Engine Engine Ion Engine Propulsion Light Treads Treads Light Treads Hover Unit Hover Unit Flight Unit Flight Unit Utility Medium Storage Unit Device Improved Terrain Scanner Storage Medium Storage Unit Processor Targeting Computer Weapon Assault Rifle Energy Cannon Beam Cannon Ballistic Gun Assault Rifle Ballistic Cannon Light Cannon Launcher Grenade Launcher Special Weapon Welding Torch Build | -11 -10 -10 ------- Run | Yrd Mat Min Slots Evolved . | . . . Power . | . . . Propulsion . | . . . Utility . | . . . Weapon . | . . . Parts Attached 23 | 6 7 10 Power 1 | 1 . . Engine 1 | 1 . . Core . | . . . Reactor . | . . . Propulsion 6 | 2 . 4 Treads 2 | 2 . . Leg . | . . . Wheel . | . . . Hover 3 | . . 3 Flight 1 | . . 1 Utility 5 | 1 2 2 Device 1 | . . 1 Storage 2 | 1 1 . Processor 2 | . 1 1 Hackware . | . . . Protection . | . . . Artifact . | . . . Weapon 11 | 2 5 4 Energy Gun . | . . . Energy Cannon 1 | . . 1 Ballistic Gun 5 | 2 2 1 Ballistic Cannon 2 | . 2 . Launcher 1 | . . 1 Special Weapon 2 | . 1 1 Impact Weapon . | . . . Slashing Weapon . | . . . Piercing Weapon . | . . . Special Melee Weapon . | . . . Unidentified Prototypes . | . . . Parts Lost 7 | . . 7 Power 1 | . . 1 Propulsion 1 | . . 1 Utility 1 | . . 1 Weapon 4 | . . 4 Highest Loss Streak 7 | . . 7 To Critical Strikes . | . . . Average Slot Usage (%) 97 | . 98 95 Engine 13 | . 14 13 Treads 27 | . 28 22 Storage 18 | . 19 12 Processor 8 | . 7 14 Energy Cannon 2 | . . 12 Ballistic Gun 12 | . 14 6 Ballistic Cannon 10 | . 13 1 Naked Turns . | . . . Heaviest Build 25 | 13 25 21 Greatest Support 40 | 40 40 40 Greatest Overweight (x) 1 | . . 1 Average Overweight (x) . | . . . Largest Inventory Capacity 10 | 8 10 10 Average Capacity 9 | 7 9 9 Most Carried 10 | 5 10 10 Average Carried 5 | . 4 9 Final Capacity 10 | 8 10 5 Final Carried 10 | . 10 5 Class Distribution -------------------- 100% | Mutant Dominant Class ---------------- Mutant | -10/Materials Mutant | -10/Mines Resources | -11 -10 -10 ----------- Run | Yrd Mat Min Matter Collected 501 | 236 127 138 Remotely . | . . . Salvage Created 218 | . 163 55 Parts 20 | . 19 1 Haulers Intercepted . | . . . Recyclers Shooed . | . . . Parts Field Recycled . | . . . Retrieved Matter . | . . . Parts Self-Destructed . | . . . Prevented . | . . . Kills | -11 -10 -10 ------- Run | Yrd Mat Min Combat Hostiles Destroyed 16 | . 7 9 Guns 3 | . 1 2 Cannons 10 | . 6 4 AOE 3 | . . 3 Classes Destroyed 5 | . 4 1 Worker 1 | . 1 . Watcher 2 | . 2 . Swarmer 8 | . 5 3 Grunt 2 | . 2 . Assembled 6 | . . 6 Best Kill Streak 3 | . 3 3 Combat Bots Only 3 | . 3 3 Max Kills in Single Turn 2 | . 1 2 Gunslinging . | . . . Exploded 2 | . . 2 Melee . | . . . Uniques/NPCs Destroyed . | . . . Combat | -11 -10 -10 -------- Run | Yrd Mat Min Hostile Shots Fired 94 | . 42 52 Missed 24 | . 11 13 Damage Taken 983 | . 289 694 Core 253 | . 57 196 Absorbed by Shields . | . . . Regen/Repaired (Parts) 8 | . 8 . Core Remaining (%) 100 | 100 . . Volleys Fired 47 | . 23 24 Largest 2 | . 2 2 Hottest 160 | . 55 160 Shots Fired 75 | . 44 31 Gun 26 | . 20 6 Cannon 39 | . 21 18 Launcher 6 | . . 6 Special 4 | . 3 1 Kinetic 51 | . 41 10 Thermal 18 | . 3 15 Explosive 6 | . . 6 Electromagnetic . | . . . Robot Hit Streak 5 | . 3 5 Robot Miss Streak 5 | . 5 3 Penetration Max . | . . . Secondary Targets . | . . . Shots Hit Robots 37 | . 19 18 Core Hits 21 | . 10 11 Critical Kills . | . . . Critical Parts Destroyed . | . . . Critical Strikes . | . . . Melee Attacks . | . . . Impact . | . . . Slashing . | . . . Piercing . | . . . Sneak Attacks . | . . . Combat Hostiles . | . . . Follow-up Attacks . | . . . Damage Inflicted 944 | . 371 573 Guns 150 | . 89 61 Cannons 436 | . 282 154 Explosions 334 | . . 334 Melee . | . . . Ramming . | . . . Kinetic 464 | . 371 93 Thermal 146 | . . 146 Explosive 334 | . . 334 Electromagnetic . | . . . Impact . | . . . Slashing . | . . . Piercing . | . . . Highest Corruption 1 | . 1 1 Average Corruption 1 | . 1 1 Corruption Purged . | . . . Corruption Blocked . | . . . Effects 6 | . 4 2 Message Errors 3 | . 2 1 Parts Rejected 1 | . . 1 Data Loss (minor) 1 | . 1 . Misfires 1 | . 1 . Overload Shots . | . . . Overflow Damage 23 | . 9 14 Projectiles 14 | . 9 5 Explosions 9 | . . 9 Melee . | . . . Knockbacks 3 | . 3 . Impact . | . . . Kinetic 3 | . 3 . Secondary . | . . . Self-Inflicted Damage . | . . . Shots . | . . . Rammed . | . . . Targets Rammed . | . . . Kicked . | . . . Crushed . | . . . Highest Temperature 174 | . 8 174 Average Temperature 58 | . 4 73 Received Heat Transfer 128 | . 48 80 Siege Activations . | . . . Robots Corrupted . | . . . Combat Hostiles . | . . . Parts Fried . | . . . Impact Corruptions . | . . . Robots Melted . | . . . Combat Hostiles . | . . . Parts Melted . | . . . Heat Transferred 309 | . . 309 Parts Sabotaged . | . . . Parts Stolen . | . . . Parts Stripped . | . . . Power Chain Reactions . | . . . Alert | -11 -10 -10 ------- Run | Yrd Mat Min Peak Influence 140 | . 140 132 Initial . | . . . Average 35 | . 25 88 Maximum Alert Level . | . . . Low Security (%) 100 | 100 100 100 Level 1 . | . . . Level 2 . | . . . Level 3 . | . . . Level 4 . | . . . Level 5 . | . . . High Security . | . . . Max Security . | . . . Squads Dispatched 2 | . 2 . Investigation 1 | . 1 . Extermination . | . . . Reinforcement 1 | . 1 . Assault . | . . . Garrison . | . . . Intercept . | . . . Searches Triggered . | . . . Construction Impeded . | . . . Haulers Reinforced . | . . . Active Scanning Responses . | . . . Cargo Convoy Interrupts . | . . . Stealth | -11 -10 -10 --------- Run | Yrd Mat Min Distress Signals 1 | . 1 . Communications Jammed . | . . . Distress Signals . | . . . Times Spotted 25 | . 10 15 Peak Tracking Total 6 | . 2 6 Tactical Retreats 2 | . . 2 Traps | -11 -10 -10 ------- Run | Yrd Mat Min Traps Triggered 2 | . 2 . Indirectly . | . . . Trap Hack Attempts . | . . . Triggered . | . . . Disarmed . | . . . Reprogrammed . | . . . Reused . | . . . Traps Extracted . | . . . Installed . | . . . Triggered . | . . . Machines | -11 -10 -10 ---------- Run | Yrd Mat Min Machines Disabled . | . . . Max in Single Turn . | . . . Machines Repaired . | . . . Machines Dismantled . | . . . Machines Sabotaged . | . . . Overloaded Fab Kills . | . . . Hacking | -11 -10 -10 --------- Run | Yrd Mat Min Machines Accessed 6 | . 6 . Terminals 5 | . 5 . Fabricators . | . . . Repair Stations 1 | . 1 . Recycling Units . | . . . Scanalyzers . | . . . Garrison Access . | . . . Total Hacks 15 | . 15 . Successful 4 | . 4 . Failed 11 | . 11 . Catastrophic 2 | . 2 . Database Lockouts . | . . . Manual 5 | . 5 . Terminals 9 | . 9 . Fabricators . | . . . Repair Stations 6 | . 6 . Recycling Units . | . . . Scanalyzers . | . . . Garrison Access . | . . . Terminal Hacks 2 | . 2 . Branch Access Points 1 | . 1 . Alert Level 1 | . 1 . Fabricator Hacks . | . . . Repair Station Hacks 2 | . 2 . Scan Component 1 | . 1 . Repair 1 | . 1 . Recycling Unit Hacks . | . . . Scanalyzer . | . . . Garrison Access Hacks . | . . . Unauthorized Hacks . | . . . Terminals . | . . . Fabricators . | . . . Repair Stations . | . . . Recycling Units . | . . . Scanalyzers . | . . . Garrison Access . | . . . Data Cores Recovered . | . . . Used . | . . . Hacking Detections 6 | . 6 . Full Trace Events 1 | . 1 . Feedback Events . | . . . Feedback Blocked . | . . . Robot Schematics Acquired . | . . . Robots Built . | . . . Authchips . | . . . Time . | . . . Total Robot Build Rating . | . . . Part Schematics Acquired . | . . . Parts Built . | . . . Authchips . | . . . Time . | . . . Total Part Build Rating . | . . . Parts Repaired 1 | . 1 . Time 26 | . 26 . Parts Recycled . | . . . Recycled Matter . | . . . Retrieved Matter . | . . . Retrieved Components . | . . . Parts Scanalyzed . | . . . Part Schematics Acquired . | . . . Parts Damaged . | . . . Bothacking | -11 -10 -10 ------------ Run | Yrd Mat Min Used RIF Installer . | . . . Robots Hacked . | . . . Non-combat . | . . . Combat . | . . . Robot Hacks Applied . | . . . Relay Couplers Released . | . . . Fabnet Peak Effective % . | . . . Robots Rewired . | . . . Allies Hacked . | . . . Hacks Repelled . | . . . Allies | -11 -10 -10 -------- Run | Yrd Mat Min Total Allies . | . . . Largest Group . | . . . Highest-Rated Group . | . . . Highest-Rated Ally . | . . . Total Orders . | . . . Ally Attacks . | . . . Total Damage . | . . . Kills . | . . . Allies Corrupted . | . . . Allies Melted . | . . . Intel | -11 -10 -10 ------- Run | Yrd Mat Min Robot Analysis Total . | . . . Derelict Logs Recovered 1 | . . 1 Drone Launches . | . . . Drone Recoveries . | . . . Exploration | -11 -10 -10 ------------- Run | Yrd Mat Min Turns Passed 1201 | 57 932 212 Spaces Moved 616 | 40 490 86 Core 17 | 17 . . Treads 587 | 23 490 74 Legs . | . . . Wheels . | . . . Hover 12 | . . 12 Flight . | . . . Fastest Speed 50 | 50 160 60 Average Speed 155 | 113 160 152 Slowest Speed 160 | 160 160 160 Overloaded Moves . | . . . Propulsion Burnouts . | . . . Robots Hopped . | . . . Cave-ins Triggered . | . . . Exploration Rate (%) 30 | 3 68 21 Regions Visited 2 Branch Regions 1 Pre-discovered Areas 1 | . . 1 Known Exits Taken 1 | . 1 . Unknown Exits Taken 1 | 1 . . Scrap Searched . | . . . Spaces Dug . | . . . Terrain Destroyed 44 | . . 44 Melee . | . . . Projectile . | . . . AOE 44 | . . 44 Terrain Rammed . | . . . Walls Destroyed . | . . . Machines Disabled . | . . . Actions | -11 -10 -10 --------- Run | Yrd Mat Min Total 781 | 53 594 134 Wait 65 | . 59 6 Move 614 | 39 489 86 Hop . | . . . Pick Up 25 | 7 14 4 Fast Attach . | . . . Attach 14 | 6 3 5 Detach . | . . . Swap 9 | . 4 5 Drop 7 | 1 2 4 Fire 47 | . 23 24 Melee . | . . . Ram . | . . . Kick . | . . . Crush . | . . . Escape Stasis . | . . . Rewire . | . . . Trap . | . . . Miscellaneous . | . . . Route ------- -11/Scrapyard -10/Materials (discovered 3 exits: [*Mat] / *Min x2) -10/Mines History --------- Turn | Location | Event 29 | -11/Scrapyard | Discovered new exit (range 16) 58 | -11/Scrapyard | Entered Materials 333 | -10/Materials | Discovered new exit (range 8) 343 | -10/Materials | Build established: Mutant 455 | -10/Materials | Identified exit to Mines 521 | -10/Materials | Discovered new exit (range 4) 574 | -10/Materials | Repaired Assault Rifle 990 | -10/Materials | Entered Mines 1045 | -10/Mines | Found a damaged Exp. Sensor Array with a note attached 1049 | -10/Mines | Found Prototype Device 1052 | -10/Mines | Assembled infested the area 1190 | -10/Mines | Learned location of Recycling (-7) 1192 | -10/Mines | Core integrity fell below 50% 1201 | -10/Mines | Core integrity fell below 20% 1202 | -10/Mines | Destroyed by D-53 Grenadier with Mini Grenade Launcher Last Messages --------------- The unstable cave ceiling collapses. Lgt. Treads destroyed. System corrupted: Lgt. Treads rejected. Mining Laser destroyed. The unstable cave ceiling collapses. as-11802 destroyed. Dropped Seismic Detector. Discarded Targeting Computer. Acquired 78 matter. Acquired derelict log, extracted data. World map updated: -7/Recycling. Ion Engine destroyed. Imp. Terrain Scanner destroyed. Destroyed Shock Absorption System. D-53 Grenadier destroyed. R-06 Scavenger collects Sml. Storage Unit. Acquired Cmb. Airjet. Beam Cannon destroyed. Assault Rifle destroyed. The unstable cave ceiling collapses. Map ----- +----------------------------------------------------+ | ???????????????????????????????????????? | | ???????????????????????????????????????? | | ???????????????????????????????????????? | | ???????????????????????????????????????? | | ???????????????????????????????????????? | | ???????????????????????????????????????? | | ???????????????????????????????????????? | | ???????????????????????????????????????? | | ???????????????????????????????????????? | | ???????????????????????????????????????? | | ???????????????????????????????????????? | | ???????????????????????????????????????? | | ???????????????????????????????????????? | | ???????????????????????????????????????? | | ???????????????????????????????????????? | | ????????????? ????????????####?????????? | | ???????####??????????????? ??????????? | | ????#### ##?????????????? #??????????? | | ?#### # #????#####?#### #??###?????? | | ?# #???? ### #?# ##????? | | ## ######## ## ##???? | | | # # # ##??? | | ## # = * *= ##?? | | ?## # %=[=! ! #?? | | ??### #### #?? | | ????# #?###### # @ #?? | | ????## #??????## d #?? | | ?????## !####???????# ### #?? | | ??????##%#?????????### #???? #?? | | ???????#=#???????????# # ##??????##?? | | ???????# #???????????## #??????????? | | ???????# #????????????# ??????????? | | ???????# #???????????? r #?????????? | | ???????= #???????????? ?????????? | | ???????# ????????????## ????????? | | ???????? ????????????? ????????? | | ???????? ????????????? # % ## ???????? | | ???????? ????????????? ? % #?###???????? | | ???????? ?????????????# #???????????? | | ??????????????????????? ???????????? | | ??????????????????????? ???????????? | | ??????????????????????? ???????????? | | ???????????????????????" " "???????????? | | ???????????????????????????????????????? | | ???????????????????????????????????????? | | ???????????????????????????????????????? | | ???????????????????????????????????????? | | ???????????????????????????????????????? | | ???????????????????????????????????????? | | ???????????????????????????????????????? | +----------------------------------------------------+ Best States ------------- Heat Dissipation 25 Energy Generation 10 Energy Capacity 250 Matter Stores 276 Matter Capacity 300 Sight Range 18 Terrain Scan Range 16 Terrain Scan Density 10 Evasion (%) 50 Targeting Accuracy 5 Recoil Reduction 2 Item Schematics ----------------- None Robot Schematics ------------------ None Fabricated ------------ Nothing Alien Tech Used ----------------- None Achievements -------------- None Challenges ------------ None Game ------ Seed PointRocketMace Manual? 0 Play Time 00:12:29 Cumulative 13.8 hours Start 2024.05.19 @ 17:42:50 End 2024.05.19 @ 17:54:45 Sessions 1 Manual Loads 0 Difficulty Rogue Special Mode None Game No. 26 Rogue 26 Adventurer 0 Explorer 0 Win Type - Total 0 Types 0/0/0/0/0/0/0/0/0 Lore% 20 Gallery% 26 Achievement% 22 Wizard Run 0 Options --------- Layout 1 ASCII 0 Keyboard 0 Movement Mouse Keybinds 0 Fullscreen 2 Font 32/SmallcapsGlow Map View 50x35 Zoom Use 0% Tactical HUD 0 Map Filters NONE Filters NONE Steam 1 RUN: d774f49e-5ec1-4741-9870-3e03a83f4158